 Dungeon Sprint DCSS version 0.29-a0-857-g9b1aa3ac5b (webtiles) character file.

Game seed: 6509732864696159257

266 manyhoops the Carver (level 6, -7/56 HPs)
             Began as a Human Berserker on July 16, 2022.
             Was a Believer of Trog.
             Mangled by a neqoxec (9 damage)
             ... in the Dungeon (Sprint II: "The Violet Keep of Menkaure").
             The game lasted 00:00:29 (264 turns).

manyhoops the Carver (Human Berserker)               Turns: 264, Time: 00:00:30

Health: -7/56      AC:  2    Str: 15    XL:     6   Next: 44%
Magic:  5/5        EV: 12    Int:  8    God:    Trog [**....]
Gold:   243        SH:  0    Dex:  8    Spells: 5/5 levels left

rFire   . . .      SeeInvis .   a - +0 falchion
rCold   . . .      Faith    .   (no shield)
rNeg    . . .      Spirit   .   b - +0 animal skin
rPois   .          Reflect  .   (no helmet)
rElec   .          Harm     .   (no cloak)
rCorr   .          Rampage  .   (no gloves)
Will    .....      NoTele   +   (no boots)
Stlth   ++........              (no amulet)
HPRegen 0.00/turn               (no ring)
MPRegen 0.09/turn               (no ring)

@: on berserk cooldown, inhibited regen, slowed, very slow
A: clumsy 2, low MP 1, screaming 1, inhibited regeneration, weak 2
a: Renounce Religion, Berserk, Trog's Hand


You were in the Dungeon.
You worshipped Trog.
Trog was pleased with you.
You visited 1 branch You collected 243 gold pieces.

Inventory:

Hand Weapons
 a - a +0 falchion (weapon)
Armour
 b - a +0 animal skin (worn)
Scrolls
 h - a scroll of blinking
Potions
 c - a potion of curing
 e - a potion of haste
 f - 2 potions of magic
 g - a potion of berserk rage


   Skills:
 + Level 8.1 Fighting
 + Level 9.3 Long Blades
 + Level 4.3 Armour
 - Level 2.0 Dodging
 + Level 2.1 Stealth


You had 5 spell levels left.
You didn't know any spells.
Your spell library was empty.

Dungeon Overview and Level Annotations

Branches:
Dungeon (1/1)

Altars:


Innate Abilities, Weirdness & Mutations

You are very clumsy. (Dex -4)
Your magical capacity is low. (-10% MP)
You occasionally shout uncontrollably at your foes.
You do not regenerate when monsters are visible.
You are very weak. (Str -4)


Message History

The neqoxec is severely wounded.
The neqoxec hits you.
* * * LOW HITPOINT WARNING * * *
You hit the neqoxec but do no damage.
The neqoxec is severely wounded.
The neqoxec gestures at you.
Strange energies course through your body.
You feel weaker.
You feel much better. The neqoxec misses you. The neqoxec hits you.
You barely miss the neqoxec.
The neqoxec is severely wounded.
The neqoxec hits you but does no damage.
You barely miss the neqoxec.
The neqoxec is severely wounded.
The neqoxec hits you!
* * * LOW HITPOINT WARNING * * *
You barely miss the neqoxec.
The neqoxec is severely wounded.
The neqoxec closely misses you. The neqoxec gestures at you.
Strange energies course through your body.
You feel less energetic.
You closely miss the neqoxec.
The neqoxec is severely wounded.
The neqoxec barely misses you.
You closely miss the neqoxec.
The neqoxec is severely wounded.
The neqoxec barely misses you. The neqoxec gestures at you.
Something tries to feed on your intellect!
You hit the neqoxec but do no damage.
The neqoxec is severely wounded.
The neqoxec gestures at you.
Something tries to feed on your intellect!
The neqoxec hits you!
* * * LOW HITPOINT WARNING * * *
You hit the neqoxec.
The neqoxec is severely wounded.
The neqoxec hits you!
You die...

##+#
##..###
#..##.#
# ##.#.#
#. ##'#
#.##.##
#33@<.+
#..##.##
#. #+# #


You could see 2 neqoxecs.

Vanquished Creatures
  2 neqoxecs (D)
  3 worms (D)
5 creatures vanquished.

Notes
Turn   | Place    | Note
-------+----------+-------------------------------------------
     0 | D        | manyhoops the Human Berserker began the quest for the Orb.
     0 | D        | Reached XP level 1. HP: 18/18 MP: 1/1
    12 | D        | Reached XP level 2. HP: 21/25 MP: 2/2
    16 | D        | Reached ** piety under Trog
    17 | D        | Reached skill level 4 in Long Blades
   234 | D        | Noticed a neqoxec
   234 | D        | Noticed a neqoxec
   234 | D        | Noticed a neqoxec
   234 | D        | Noticed a neqoxec
   234 | D        | Gained mutation: You are clumsy. (Dex -2) [a neqoxec]
   238 | D        | Gained mutation: You occasionally shout uncontrollably at
                  | your foes. [a neqoxec]
   240 | D        | Killed a neqoxec
   241 | D        | Reached skill level 7 in Long Blades
   241 | D        | Reached skill level 1 in Stealth
   241 | D        | Reached XP level 3. HP: 35/35 MP: 3/3
   241 | D        | Reached XP level 4. HP: 41/41 MP: 4/4
   241 | D        | Reached XP level 5. HP: 47/47 MP: 5/5
   248 | D        | Gained mutation: You do not regenerate when monsters are
                  | visible. [a neqoxec]
   250 | D        | Killed a neqoxec
   251 | D        | Reached skill level 9 in Long Blades
   251 | D        | Reached XP level 6. HP: 56/56 MP: 6/6
   251 | D        | Gained mutation: You are very clumsy. (Dex -4) [a neqoxec]
   253 | D        | Gained mutation: You are weak. (Str -2) [a neqoxec]
   256 | D        | Gained mutation: You are very weak. (Str -4) [a neqoxec]
   260 | D        | Gained mutation: Your magical capacity is low. (-10% MP) [a
                  | neqoxec]
   263 | D        | HP: 2/56 [neqoxec (13)]
   264 | D        | Mangled by a neqoxec

Illustrated notes

Levels and vault maps discovered:
D:        the_violet_keep_of_menkaure [sprint2_stairs_cluster_1,
          sprint2_shoproom, sprint2_temple, sprint2_basic_supplies,
          sprint2_obstacle_2, sprint2_obstacle_7, sprint2_obstacle_3,
          sprint2_obstacle_1, sprint2_obstacle_4, sprint2_timed_cluster_1,
          sprint2_smallroom_cluster_1, sprint2_smallroom_final_cluster_1,
          sprint2_transparent_cluster_1, sprint2_second_timed_cluster_1,
          sprint2_sniper_area_1, sprint2_heavy_combat_area_1,
          sprint2_mutation_trap_area_1, sprint2_forest_area_1,
          sprint2_light_combat_area_1, sprint2_behind_water_1,
          sprint2_near_end_vault_1]

Skill      XL: |  1  2  3  4  5 |
---------------+----------------+-----
Fighting       | 6 8 |  8.1
Long Blades    | 7 9 |  9.3
Armour         | 3 4 |  4.3
Stealth        | 1 2 |  2.1
Dodging        | |  2.0

Action                   |  1- 3 |  4- 6 || total
-------------------------+-------+-------++-------
Melee: Falchion          |    14 |    22 ||    36
Invok: Berserk           |     2 |       ||     2
  Use: Potion            |       |     1 ||     1
Armor: Animal skin       |     1 |     1 ||     2
Dodge: Dodged            |     2 |     6 ||     8

Table legend: (Time is in decaauts)
 A = Elapsed time spent in this place.
 B = Non-inter-level travel time spent in this place.
 C = Inter-level travel time spent in this place.
 D = Time resting spent in this place.
 E = Time spent auto-exploring this place.
 F = Levels seen in this place.
 G = Mean time per level.
                   A        B        C        D        E       F      G
               +--------+--------+--------+--------+--------+-----+--------+
         Total |    267 |    267 |      0 |    216 |      0 |   1 |  267.0 |
       Dungeon |    267 |    267 |      0 |    216 |      0 |   1 |  267.0 |
               +--------+--------+--------+--------+--------+-----+--------+

Top non-repeatable levels by time:
       D: 267 daAuts
